 Dungeon Crawl Stone Soup version 0.31.0-12-g77e489cdc1 (webtiles) character file.

Game seed: 1774912593637497780

110 Doomgape the Trooper (level 4, -3/91 HPs)
             Began as a Minotaur Fighter on Feb 19, 2024.
             Incinerated by a bombardier beetle (5 damage)
             ... with a burning spray
             ... on level 3 of the Dungeon.
             The game lasted 00:01:44 (894 turns).

Doomgape the Trooper (Minotaur Fighter)              Turns: 894, Time: 00:01:45

Health: -3/91      AC: 22    Str: 22    XL:     4   Next: 61%
Magic:  3/3        EV:  2    Int:  5    God:
Gold:   110        SH:  4    Dex: 10    Spells: 3/3 levels left

rFire   . . .        a - +0 war axe
rCold   . . .        c - +0 buckler
rNeg    . . .        k - melded +0 plate armour
rPois   +            (helmet currently unavailable)
rElec   .            (cloak currently unavailable)
rCorr   .            (gloves currently unavailable)
SInv    .            (boots currently unavailable)
Will    .....        (no amulet) Stlth
                     j - ring of poison resistance
HPRegen 0.35/turn    (no ring)
MPRegen 0.08/turn

%: no passive effects
@: berserking (expiring), on fire, tree-form, glowing, very quick
A: stationary, stasis, torment immunity, boosted hp, (horns 2), (retaliatory
headbutt)
a: no special abilities


You were on level 3 of the Dungeon.
You were a tree.
You visited 1 branch of the dungeon, and saw 3 of its levels.

You collected 110 gold pieces.

Inventory:

Hand Weapons
 a - a +0 war axe (weapon)
Armour
 c - a +0 buckler (worn)
 k - a +0 plate armour (melded)
Jewellery
 j - a ring of poison resistance (left branch)
Scrolls
 e - a scroll of blinking {unknown}
 f - 2 scrolls of immolation {unknown}
 g - 2 scrolls of identify {unknown}
 h - 2 scrolls of teleportation {unknown}
 l - a scroll of poison {unknown}
Potions
 d - a potion of might


   Skills:
 + Level 4.5 Fighting
 + Level 3.6 Axes
 + Level 4.5 Armour
 + Level 4.5 Shields


You had 3 spell levels left.
You didn't know any spells.
Your spell library was empty.

Dungeon Overview and Level Annotations

Branches:
Dungeon (3/15)

Altars:


Innate Abilities, Weirdness & Mutations

You are a tree.
Your roots penetrate the ground, keeping you stationary.
You cannot be teleported.
You are immune to unholy pain and torment.
Your maximum health is greatly increased.
Your equipment is partially melded.
((You have a pair of horns on your head.))
((You reflexively headbutt those who attack you in melee.))


Message History

Unknown command.
You hit the orc priest but do no damage.
The orc priest is lightly wounded.
The orc priest invokes the aid of Beogh against you.
Pain shoots through your body!
* * * LOW HITPOINT WARNING * * *
You block the orc priest's attack.
Unknown command.
You slash the orc priest!
You kill the orc priest!
You have reached level 4!
You feel agile.
Unknown command.
It was a potion of lignification.
You turn into a tree.
Your +0 plate armour melds into your body.
Your roots penetrate the ground.
The bombardier beetle sprays incendiary fluid at you.
The burning spray hits you.
You are covered in liquid fire!
It was a potion of berserk rage.
A red film seems to cover your vision as you go berserk!
You feel yourself moving faster!
You feel mighty! The liquid fire burns you!
* * * LOW HITPOINT WARNING * * *
Unknown command.
You slash the bombardier beetle!
You kill the bombardier beetle!
The liquid fire burns you!
* * * LOW HITPOINT WARNING * * *
You cannot move.
Unknown command.
You are on fire!
The liquid fire burns you!
* * * LOW HITPOINT WARNING * * *
You are too berserk!
You feel a strong urge to attack something.
The liquid fire burns you!
* * * LOW HITPOINT WARNING * * *
The liquid fire burns you!
You die...

#############
#######...<".......
.......♣###########
......))# ..#.##..#
# #... #..# ...#
##.# #..


There were no monsters in sight!

Vanquished Creatures
  An orc priest (D:3)
  A bombardier beetle (D:3)
  An adder (D:2)
  A dart slug (D:1)
  A ribbon worm (D:2)
  3 orcs (D:3)
  3 ball pythons
  2 endoplasms
  2 giant cockroaches
  A hobgoblin (D:1)
  A quokka (D:1)
  10 bats
  A frilled lizard (D:2)
  4 goblins
  3 rats
35 creatures vanquished.

Notes
Turn   | Place    | Note
-------+----------+-------------------------------------------
     0 | D:1      | Doomgape the Minotaur Fighter began the quest for the Orb.
     0 | D:1      | Reached XP level 1. HP: 19/19 MP: 0/0
    97 | D:1      | Reached XP level 2. HP: 23/27 MP: 1/1
   165 | D:1      | Found a faded altar of an unknown god.
   580 | D:2      | Reached XP level 3. HP: 33/33 MP: 2/2
   889 | D:3      | Reached XP level 4. HP: 6/41 MP: 3/3
   892 | D:3      | HP: 3/91 [burnt (4)]
   893 | D:3      | HP: 1/91 [burnt (2)]
   894 | D:3      | Incinerated by a bombardier beetle

Illustrated notes

Levels and vault maps discovered:
D:1:      amcnicky_arrival_wind_blow, layout_basic,
          hellmonk_ecumenical_altar_crossroads
D:2:      layout_rooms, nicolae_houndstooth_variations
D:3:      layout_loops_ring, chequers_serial_rivers_large_a,
          kennysheep_generic_room_4, uniq_terence, uniq_ijyb

Skill      XL: |  1  2 |
---------------+-------+-----
Shields        | 4 |  4.5
Armour         | 4 |  4.5
Fighting       | 4 |  4.5
Axes           | 3 |  3.6

Action                     |  1- 3 |  4- 6 || total
---------------------------+-------+-------++-------
  Melee: War axe           |    67 |     1 ||    68
         Headbutt          |     5 |       ||     5
    Use: Potion            |       |     2 ||     2
 Armour: Scale mail        |    35 |       ||    35
         Plate armour      |    13 |       ||    13
  Dodge: Dodged            |    23 |       ||    23
  Block: Buckler           |    12 |       ||    12
